 Dungeon Crawl Stone Soup version 0.30-a0-1043-g60ff8d5f49 (webtiles) character file.

Game seed: 3556790013468975834

427 voltaire321 the Chiller (level 6, -4/46 HPs)
             Began as a Merfolk Ice Elementalist on Apr 10, 2023.
             Slain by Duvessa
             ... wielding a +1 short sword of protection
              (12 damage)
             ... on level 4 of the Dungeon.
             The game lasted 00:11:13 (3961 turns).

voltaire321 the Chiller (Merfolk Ice Elementalist)  Turns: 3961, Time: 00:11:13

Health: -4/46      AC:  3    Str: 11    XL:     6   Next: 97%
Magic:  4/10       EV: 12    Int: 14    God:
Gold:   157        SH:  4    Dex: 14    Spells: 4/11 levels left

rFire   . . .      SeeInvis .    m - +1 dagger (freeze)
rCold   . . .      Faith    .    j - +0 buckler
rNeg    . . .      Spirit   .    n - +0 leather armour
rPois   .          Reflect  .    (no helmet)
rElec   .          Rampage  .    (no cloak)
rCorr   .                        (no gloves)
Will    .....                    (no boots)
Stlth   ++                       (no amulet)
HPRegen 0.27/turn                (no ring)
MPRegen 0.12/turn                (no ring)

@: freezing walls, very slightly contaminated
A: (nimble swimmer 2), mertail
a: no special abilities


You were on level 4 of the Dungeon.
You visited 1 branch of the dungeon, and saw 4 of its levels.

You collected 157 gold pieces.

Inventory:

Hand Weapons
 m - a +1 dagger of freezing (weapon)
 o - a +0 vampiric spear
 u - a +0 rapier
 v - a +3 dagger
Missiles
 a - 3 poisoned darts
 y - a throwing net
Armour
 j - a +0 buckler (worn)
 n - a +0 leather armour (worn)
 s - a +0 ring mail
Jewellery
 x - a ring of fire
 z - an amulet of faith
Wands
 w - a wand of flame (16)
Scrolls
 h - 4 scrolls of amnesia {unknown}
 i - 2 scrolls of enchant armour {unknown}
 k - 2 scrolls of noise {unknown}
 l - 2 scrolls of poison {unknown}
 q - 2 scrolls of identify {unknown}
Potions
 b - a potion of magic
 c - a potion of lignification {unknown}
 d - a potion of berserk rage {unknown}
 e - 3 potions of mutation {unknown}
 f - a potion of attraction
 g - 2 potions of curing
 p - a potion of invisibility {unknown}
 r - a potion of heal wounds {unknown}
 t - 2 potions of degeneration {unknown}


   Skills:
 + Level 2.7 Fighting
 + Level 1.8 Armour
 + Level 4.6 Dodging
 - Level 2.1 Stealth
 + Level 2.3 Shields
 + Level 3.2 Spellcasting
 + Level 5.3 Ice Magic


You had 4 spell levels left.
You knew the following spells:

 Your Spells              Type           Power      Damage    Failure   Level
a - Freeze                Ice            68%        1d8       4%          1
b - Frozen Ramparts       Ice            34%        1d6       12%         3
c - Ozocubu's Armour      Ice            17%        N/A       12%         3

Your spell library contained the following spells:

 Spells                   Type           Power      Damage    Failure   Level
 Apportation              Tloc           4%         N/A       36%         1
 Necrotise                Necr           8%         1d4       36%         1
 Slow                     Hex            8%         N/A       36%         1
 Summon Small Mammal      Summ           8%         N/A       36%         1
 Confusing Touch          Hex            2%         N/A       73%         3
 Ignite Poison            Fire/Tmut/Pois 2%         N/A       73%         3
 Vampiric Draining        Necr           2%         2d6       73%         3
 Volatile Blastmotes      Fire/Tloc      4%         2d10      73%         3
 Summon Ice Beast         Ice/Summ       9%         N/A       77%         4
 Fulminant Prism          Conj/Hex       1%         3d5       98%         4
 Iskenderun's Mystic Bla  Conj/Tloc      2%         2d3       98%         4
 Sticky Flame             Conj/Fire      2%         2d3       98%         4
 Lee's Rapid Deconstruct  Erth           1%         3d4*      100%        5
 Ignition                 Fire           1%         3d3       100%        8


Dungeon Overview and Level Annotations

Branches:
Dungeon (4/15)
 Temple: D:4-7

Altars:
Qazlal
Zin

Annotations:
D:4 Duvessa, Grinder


Innate Abilities, Weirdness & Mutations

((You are very nimble when in or above water. (Stealth+, EV+, Speed+++)))
Your lower body shifts to a powerful aquatic tail in water.


Message History

Duvessa rages.
Casting: Freeze (safe; 4% risk of failure)
Confirm with . or Enter, or press ? or * to list all spells.
Casting: Frozen Ramparts (dangerous; 12% risk of failure)
Press: ? - help, Dir - look around, f - activate The walls around you are covered in ice.
The wall freezes Duvessa but does no damage.
The wall freezes Duvessa. x2; Duvessa barely misses you.
Aiming: Freeze (safe; 4% risk of failure)
Press: ? - help, Q - select action, (/) - cycle Shift-Dir - straight line, f - Duvessa
Aim: Duvessa, wielding a +1 short sword of protection and wearing a +1 leather armour of willpower (lightly wounded, berserk)
You freeze Duvessa.
Duvessa is lightly wounded.
The wall freezes Duvessa but does no damage.
Duvessa hits you with a +1 short sword of protection!
Aiming: Freeze (safe; 4% risk of failure)
Press: ? - help, Q - select action, (/) - cycle Shift-Dir - straight line, f/p - Duvessa
Aim: Duvessa, wielding a +1 short sword of protection and wearing a +1 leather armour of willpower (lightly wounded, berserk)
You freeze Duvessa.
Duvessa is moderately wounded.
The wall freezes Duvessa but does no damage.
Duvessa hits you with a +1 short sword of protection!
The wall freezes Duvessa.
Duvessa hits you with a +1 short sword of protection!
* * * LOW HITPOINT WARNING * * *
You barely miss Duvessa.
Duvessa is moderately wounded.
The wall freezes Duvessa but does no damage.
Duvessa barely misses you.
The wall freezes Duvessa but does no damage.
You block Duvessa's attack.
Aiming: Freeze (safe; 4% risk of failure)
Press: ? - help, Q - select action, (/) - cycle Shift-Dir - straight line, f/p - Duvessa
Aim: Duvessa, wielding a +1 short sword of protection and wearing a +1 leather armour of willpower (moderately wounded, berserk)
You miscast Freeze.
You are very lightly contaminated with residual magic.
Nothing appears to happen.
The wall freezes Duvessa but does no damage.
Duvessa hits you with a +1 short sword of protection!
You die...

... ....###....# ##..## ##.
##?.... .........# #..# ##
....... ..###...######..#
........
#.##............###### ....
.e. #.#..###.######......#
.... #.. #..### #.#
##.####.# #... #.###..# ##.#
##..# #
##...#..#..#####.#####..## .
#.........e@.........# # ..
####...#####........## .##
... ##..## ###.........# #..
...#
#....###...#.......###.#
..e.
#..#..#...###........#.#
.##. ...###....##
#...#......#### ##
##.##......# #..##....##...#
#.........####..##...####.##
# #..##.............## #.#


You could see Duvessa (berserk).

Vanquished Creatures
  Dowan (D:4)
  2 iguanas (D:4)
  Terence (D:3)
  6 orc wizards
  6 adders
  5 worms
  2 dart slugs
  4 orcs
  5 endoplasms
  4 giant cockroaches
  12 goblins
  8 hobgoblins
  6 jackals
  6 kobolds
  A quokka (D:1)
  3 ball pythons
  4 bats
  2 frilled lizards
  10 rats
88 creatures vanquished.

Notes
Turn   | Place    | Note
-------+----------+-------------------------------------------
     0 | D:1      | voltaire321 the Merfolk Ice Elementalist began the quest
                  | for the Orb.
     0 | D:1      | Reached XP level 1. HP: 13/13 MP: 3/3
    93 | D:1      | Reached XP level 2. HP: 20/20 MP: 1/5
   383 | D:1      | Found a faded altar of an unknown god.
   522 | D:1      | Reached skill level 1 in Fighting
   536 | D:1      | Reached XP level 3. HP: 18/26 MP: 0/6
   935 | D:2      | Learned a level 3 spell: Frozen Ramparts
  1000 | D:2      | Found a stormy altar of Qazlal.
  1077 | D:2      | Reached XP level 4. HP: 32/32 MP: 4/7
  1223 | D:2      | Reached skill level 1 in Shields
  1947 | D:3      | Reached skill level 1 in Armour
  2140 | D:3      | Reached XP level 5. HP: 34/38 MP: 4/8
  2301 | D:3      | Noticed Terence
  2311 | D:3      | Killed Terence
  2461 | D:3      | Found a glowing silver altar of Zin.
  2623 | D:3      | Learned a level 3 spell: Ozocubu's Armour
  2944 | D:4      | Reached skill level 5 in Ice Magic
  2949 | D:4      | Reached XP level 6. HP: 33/44 MP: 6/10
  3451 | D:4      | Noticed Dowan
  3452 | D:4      | Noticed Duvessa
  3465 | D:4      | Killed Dowan
  3544 | D:4      | Noticed Grinder
  3961 | D:4      | Slain by Duvessa

Illustrated notes

Levels and vault maps discovered:
D:1:      giann_bridges, layout_basic,
          dreamdust_ecumenical_altar_angels_and_demons
D:2:      layout_basic, basic_altar, minmay_tromino_v4_a
D:3:      layout_rooms, mainiacjoe_overflow_alcove_2, minmay_misc_feat_cross,
          uniq_terence
D:4:      layout_layer_cave, minmay_a_box_with_orc_wizards_in_it, uniq_grinder,
          uniq_duvessa

Skill      XL: |  1  2  3  4  5  6 |
---------------+-------------------+-----
Dodging        | 3 4 |  4.6
Fighting       | 1 2 |  2.7
Shields        | 1 2 |  2.3
Armour         | 1 |  1.8
Ice Magic      | 5 |  5.3
Spellcasting   | 3 |  3.2
Stealth        | |  2.1

Action                     |  1- 3 |  4- 6 || total
---------------------------+-------+-------++-------
  Melee: Mace              |    24 |       ||    24
         Dagger            |    12 |   127 ||   139
   Cast: Freeze            |    37 |    61 ||    98
         Frozen Ramparts   |       |     8 ||     8
    Use: Potion            |       |     2 ||     2
   Stab: Sleeping          |     2 |     5 ||     7
 Armour: Robe              |     9 |       ||     9
         Leather armour    |     5 |    19 ||    24
         Ring mail         |       |     2 ||     2
  Dodge: Dodged            |    39 |    70 ||   109
  Block: Buckler           |    10 |    33 ||    43

Table legend: (Time is in decaauts)
 A = Elapsed time spent in this place.
 B = Non-inter-level travel time spent in this place.
 C = Inter-level travel time spent in this place.
 D = Time resting spent in this place.
 E = Time spent auto-exploring this place.
 F = Levels seen in this place.
 G = Mean time per level.
                   A        B        C        D        E       F      G
               +--------+--------+--------+--------+--------+-----+--------+
         Total |   3969 |   3934 |     35 |    889 |   1934 |   4 |  992.2 |
       Dungeon |   3969 |   3934 |     35 |    889 |   1934 |   4 |  992.2 |
               +--------+--------+--------+--------+--------+-----+--------+

Top non-repeatable levels by time:
     D:4: 1254 daAuts
     D:2: 1018 daAuts
     D:3: 849 daAuts
     D:1: 847 daAuts
